 Dungeon Crawl Stone Soup version 0.21.1-1-g345015f (webtiles) character file.

1503 Ethylacetat the Carver (level 8, 0/78 HPs)
             Began as a Naga Gladiator on July 9, 2018.
             Slain by an orc warrior
             ... wielding a +0 war axe
              (7 damage)
             ... on level 6 of the Dungeon on July 10, 2018.
             The game lasted 00:11:59 (5716 turns).

Ethylacetat the Carver (Naga Gladiator)             Turns: 5716, Time: 00:12:00

Health: 0/78       AC: 13    Str: 17    XL:     8   Next: 82%
Magic:  8/8        EV: 13    Int:  8    God:
Gold:   343        SH:  0    Dex: 20    Spells: 7/7 levels left

rFire    . . .     SeeInvis +   r - +2 long sword (protect)
rCold    . . .     Gourm    .   (no shield)
rNeg     . . .     Faith    .   x - +0 scale mail
rPois    +         Spirit   .   c - +0 helmet
rElec    .         Reflect  .   s - scarf {repulsion}
rCorr    .         Harm     .   (no gloves)
MR       +....                  (no barding)
Stlth    +.........             (no amulet)
HPRegen  0.23/turn              (no ring)
MPRegen  0.11/turn              (no ring)

@: agile, short of breath, protection aura, hasted, repel missiles, quick
A: large, see invisible, deformed body, poison resistance, slowness 2, slow
metabolism 1, spit poison 1, AC +2
a: Spit Poison


You were on level 6 of the Dungeon.
You were hungry.

You visited 1 branch of the dungeon, and saw 6 of its levels.

You collected 343 gold pieces.

Inventory:

Hand Weapons
 r - a +2 long sword of protection (weapon)
Missiles
 d - 3 throwing nets (quivered)
Armour
 c - a +0 helmet (worn)
 s - a scarf of repulsion (worn)
 x - a +0 scale mail (worn)
Jewellery
 y - an uncursed ring of ice {unknown}
Wands
 g - a wand of iceblast (6)
 u - a wand of paralysis (45)
 B - a wand of polymorph (16)
Scrolls
 h - a scroll of fear {unknown}
 i - 13 scrolls of identify {unknown}
 j - a scroll of magic mapping {unknown}
 k - a scroll of amnesia {unknown}
 m - 2 scrolls of enchant weapon {unknown}
 n - 5 scrolls of enchant armour {unknown}
 p - 5 scrolls of remove curse {unknown}
 w - a scroll of fog {unknown}
 A - a scroll of teleportation {unknown}
Potions
 a - 2 potions of brilliance {unknown}
 b - a potion of ambrosia {unknown}
 e - 2 potions of haste
 q - a potion of curing {unknown}
 t - a potion of cancellation {unknown}
 z - a potion of flight {unknown}
Books
 v - a book of Misfortune

   Spells                             Type                      Level
   a - Confusing Touch                Hexes                        1
   b - Confuse                        Hexes                        3
   c - Gell's Gravitas                Translocation                3
   d - Petrify                        Transmutation/Earth          4
   e - Metabolic Englaciation         Hexes/Ice                    5
   f - Yara's Violent Unravelling     Hexes/Transmutation          5
Comestibles
 f - 6 rations


   Skills:
 + Level 6.4 Fighting
 * Level 9.3 Long Blades
 - Level 1.7 Throwing
 - Level 2.4 Dodging


You had 7 spell levels left.
You didn't know any spells.

Dungeon Overview and Level Annotations

Branches:
Dungeon (6/15)
 Temple: D:4-7

Altars:
Fedhas
Nemelex Xobeh
Okawaru
Trog
Xom


Innate Abilities, Weirdness & Mutations

You cannot wear boots.
Your serpentine skin is tough. (AC +2)
You have supernaturally acute eyesight. (SInv)
Armour fits poorly on your strangely shaped body.
Your system is resistant to poisons. (rPois)
You cover ground very slowly.
You have a slow metabolism.
You can spit poison.


Message History

You feel slightly more hungry.
You closely miss the orc warrior.
The orc warrior is lightly wounded.
The orc closely misses you.
You riposte.
You slash the orc!
Your weapon exudes an aura of protection.
You kill the orc!
The orc warrior hits you with a war axe!
* * * LOW HITPOINT WARNING * * *
The orc hits you but does no damage.
You feel agile all of a sudden.
You completely miss the orc warrior.
The orc warrior is lightly wounded.
The orc warrior completely misses you.
You riposte.
You closely miss the orc warrior.
The orc warrior is lightly wounded.
The orc hits you with a flail.
* * * LOW HITPOINT WARNING * * *
It was a potion of haste.
You feel yourself speed up.
The orc warrior hits you with a war axe!
You die...

.... #..........†.........
.....######..........#........)
.....................#........)
...........##+##.....#########)
...........# +.....# #.
...........# #.....#.. ..
...........# #.....'... a..
........)<.#####.....#.... ....
..............@o.....#......##.
###########...o).....# .>... #.
#.....#...#..........# .... #.
#.....'...#..........#
#.....#...#..........#
#....######..........#
###....###.....#########
.........'.....#
.........#.....#


You could see an orc warrior and an orc.

Vanquished Creatures
  Eustachio (D:5)
  Duvessa (D:6)
  An ice beast (D:6)
  2 sky beasts (D:5)
  A necrophage (D:5)
  An ogre (D:6)
  A scorpion (D:5)
  Dowan (D:6)
  A jelly (D:6)
  3 orc priests
  A hound (D:5)
  7 orc wizards
  An iguana (D:5)
  2 worker ants (D:6)
  A hound zombie (D:5)
  2 hound skeletons
  9 adders
  7 gnolls
  2 oozes
  An adder skeleton (D:6)
  2 worms
  2 dart slugs (D:1)
  4 leopard geckos
  10 orcs
  A giant cockroach (D:1)
  5 goblins
  5 hobgoblins
  4 kobolds
  3 quokkas
  4 bats
  3 frilled lizards
  A quokka skeleton (D:6)
  8 rats
98 creatures vanquished.

Notes
Turn   | Place    | Note
-------+----------+-------------------------------------------
     0 | D:1      | Ethylacetat the Naga Gladiator began the quest for the Orb.
     0 | D:1      | Reached XP level 1. HP: 19/19 MP: 1/1
   295 | D:1      | Reached XP level 2. HP: 24/26 MP: 2/2
   724 | D:2      | Found a shimmering altar of Xom.
   736 | D:2      | Reached XP level 3. HP: 4/33 MP: 3/3
  1168 | D:2      | Found an iron altar of Okawaru.
  1254 | D:2      | Found a faded altar of an unknown god.
  1266 | D:2      | Reached skill level 4 in Long Blades
  1283 | D:2      | Found a blossoming altar of Fedhas.
  1416 | D:2      | Reached XP level 4. HP: 24/40 MP: 4/4
  2402 | D:3      | Found a bloodstained altar of Trog.
  2848 | D:3      | Reached XP level 5. HP: 49/49 MP: 5/5
  3004 | D:4      | Reached skill level 5 in Long Blades
  3226 | D:4      | Reached XP level 6. HP: 42/57 MP: 6/6
  3530 | D:4      | Found a sparkling altar of Nemelex Xobeh.
  3805 | D:4      | Reached skill level 6 in Long Blades
  3901 | D:5      | Entered Level 5 of the Dungeon
  3919 | D:5      | Noticed Eustachio
  3920 | D:5      | Noticed a necrophage
  3934 | D:5      | Killed a necrophage
  3934 | D:5      | Reached XP level 7. HP: 54/66 MP: 7/7
  3964 | D:5      | Killed Eustachio
  3964 | D:5      | Reached skill level 7 in Long Blades
  4325 | D:5      | Reached skill level 5 in Fighting
  4915 | D:6      | Reached XP level 8. HP: 75/75 MP: 8/8
  4932 | D:6      | Reached skill level 8 in Long Blades
  5026 | D:6      | Noticed Dowan
  5041 | D:6      | Killed Dowan
  5128 | D:6      | Noticed Duvessa
  5148 | D:6      | Killed Duvessa
  5613 | D:6      | Reached skill level 9 in Long Blades
  5716 | D:6      | Slain by an orc warrior

Skill      XL: |  1  2  3  4  5  6  7  8 |
---------------+-------------------------+-----
Long Blades    | 4 5 6 7 9 |  9.3
Fighting       | 3 4 5 6 |  6.4
Throwing       | |  1.7
Dodging        | |  2.4

Action                   |  1- 3 |  4- 6 |  7- 9 || total
-------------------------+-------+-------+-------++-------
Melee: Long sword        |    73 |   138 |   170 ||   381
 Abil: Spit Poison       |     2 |    14 |    12 ||    28
  Use: Potion            |       |       |     2 ||     2
 Stab: Sleeping          |     1 |       |       ||     1
  Eat: Chunk             |     1 |     7 |     5 ||    13
Armor: Leather armour    |    22 |    37 |       ||    59
       Scale mail        |       |    23 |   107 ||   130
Dodge: Dodged            |    45 |    74 |    78 ||   197
       Rpst.: Long sword |    13 |    26 |    26 ||    65
